[Event "Early-Titled-Tuesday-Blitz-September-26-2023"]
[Site "Chess.com"]
[Date "2023.09.26"]
[Round "10"]
[White "wadsy27"]
[Black "Predator0608"]
[Result "1-0"]
[WhiteElo "2630"]
[BlackElo "2490"]
[TimeControl "180+1"]
[EndTime "9:56:46 PDT"]
[Termination "wadsy27 won by resignation"]

1. Nf3 Nf6 2. g3 g6 3. Bg2 Bg7 4. O-O O-O 5. c4 c5 6. Nc3 Nc6 7. d4 cxd4 8. Nxd4 Qb6 9. e3 d6 10. b3 Be6 11. Bb2 Nd7 12. Nxe6 fxe6 13. Na4 Qa5 14. Bh3 Nc5 15. Bxg7 Kxg7 16. Nxc5 Qxc5 17. Bxe6 Rf6 18. Bd5 Raf8 19. Bxc6 bxc6 20. Qd4 Qxd4 21. exd4 Rf3 22. Rae1 R8f7 23. Re3 R3f5 24. Re2 g5 25. Rfe1 Kf8 26. h3 h5 27. Kg2 R5f6 28. Rd2 Ke8 29. d5 Kd7 30. Re4 Rf5 31. h4 g4 32.
dxc6+ Kxc6 33. Rde2 Kd7 34. Rd4 Kc6 35. b4 a6 36. a4 Kc7 37. b5 axb5 38. cxb5 Kb6 39. Rde4 Ka5 40. Rxe7 Rxf2+ 41. Rxf2 Rxe7 42. Rd2 Re5 43. Rd4 Rf5 44. Rxd6 Kxa4 45. b6 Kb3 46.
b7 Rb5 47. Rd7 Kc3 48. Kf2 Rb2+ 49. Ke3 Rb4 50. Rd3+ Kb2 51. Rd7 Kc2 52. Rh7 Rb5 53.
Rxh5 Rxb7 54. Rd5 Rf7 55. Rd2+ Kc3 56. Rf2 Kc4 57. Rxf7 1-0

[Event "Early-Titled-Tuesday-Blitz-September-26-2023"]
[Site "Chess.com"]
[Date "2023.09.26"]
[Round "10"]
[White "emeli_chess"]
[Black "JosefineHeinemann"]
[Result "0-1"]
[WhiteElo "2353"]
[BlackElo "2543"]
[TimeControl "180+1"]
[EndTime "9:56:46 PDT"]
[Termination "JosefineHeinemann won by resignation"]

1. d4 d5 2. c4 e6 3. Nc3 dxc4 4. e3 c5 5. Bxc4 cxd4 6. exd4 Nf6 7. Nf3 b6 8. O-O Bb7 9. Bg5 Be7 10. Qe2 O-O 11. Rad1 Nbd7 12. Rfe1 Rc8 13. Bb3 h6 14. d5 Nxd5 15. Bxd5 Bxd5 16. Bxe7 Bxf3 17.
Qxf3 Qxe7 18. Qb7 Rcd8 19. Qxa7 Rfe8 20. a3 Kf8 21. Qc7 Nf6 22. Qxb6 Rb8 23. Qd6 Qxd6 24. Rxd6 Rxb2 25. f3 Ra8 26. a4 Rb3 27. Rc6 Ke8 28. Ra1 Kd7 29. Rc4 Nd5 30. Nxd5 exd5 31. Rc2 Ra5 32. Rac1 Rb7 33. Rc5 Rba7 34. Rb5 Rxb5 35. axb5 Rc7 36. Rb1 Kd6 37. Kf2 Rb7 38. Ke3 Kc5 39.
Kf4 Rxb5 40. Rc1+ Kd6 41. Rc8 Rb4+ 42. Kf5 Rb2 43. g4 Rxh2 44. f4 Re2 45. Rd8+ Kc6 46. Rg8 d4 47. Rxg7 d3 48. Rg8 Kc7 49. Rf8 d2 50. Rxf7+ Kc6 51. Rf6+ Kc5 52. Rxh6 d1=Q 53. Rf6 Qd5+ 54. Kg6 Re6 55. g5 Kd6 56. f5 Rxf6+ 57. gxf6 Qg8+ 58. Kh6 Ke5 59. f7 Qxf7 60. f6 Qxf6+ 61.
Kh7 Qg5 62. Kh8 Kf6 0-1

[Event "Early-Titled-Tuesday-Blitz-September-26-2023"]
[Site "Chess.com"]
[Date "2023.09.26"]
[Round "10"]
[White "Roedor"]
[Black "FMStan15"]
[Result "1-0"]
[WhiteElo "2343"]
[BlackElo "2116"]
[TimeControl "180+1"]
[EndTime "9:56:46 PDT"]
[Termination "Roedor won on time"]

1. d4 Nf6 2. c4 d6 3. Nf3 g6 4. Nc3 Bg7 5. g3 O-O 6. Bg2 Nbd7 7. O-O e5 8. e4 c6 9. h3 a5 10. Be3 Qe7 11. Qc2 Nh5 12. Rad1 f5 13. exf5 gxf5 14. dxe5 dxe5 15. Bg5 Qf7 16. Rfe1 Qxc4 17. Be7 Re8 18. Qxf5 Rxe7 19. Qxh5 Nf6 20. Qg5 e4 21. Rd8+ Re8 22. Rxe8+ Nxe8 23. Rxe4 Qf7 24. Re7 Qg6 25. Qxg6 hxg6 26.
Rxe8+ Kf7 27. Re1 Bf6 28. g4 Be6 29. Ne5+ Kg7 30. f4 Bh4 31. Rd1 Rf8 32. Rd6 Re8 33. Ne4 Bxa2 34. Rxg6+ Kh7 35. Ng5+ Bxg5 36. Rxg5 Bd5 37.
Bxd5 cxd5 38. Kf2 d4 39. Ke2 Re6 40. Kd3 Rb6 41. Rh5+ Kg7 42. Nc4 Rb3+ 43. Kxd4 b5 44. Rg5+ Kf6 45. Rf5+ Kg6 46. Ne5+ Kg7 47. Rf7+ Kg8 48.
Rb7 Rxb2 49. g5 Rd2+ 50. Ke4 Rd6 51. f5 1-0

[Event "Early-Titled-Tuesday-Blitz-September-26-2023"]
[Site "Chess.com"]
[Date "2023.09.26"]
[Round "10"]
[White "MatthewG-p4p"]
[Black "Arteler"]
[Result "1-0"]
[WhiteElo "2802"]
[BlackElo "2586"]
[TimeControl "180+1"]
[EndTime "9:56:49 PDT"]
[Termination "MatthewG-p4p won by resignation"]

1. f4 d5 2. Nf3 c6 3. g3 Nf6 4.
Bg2 g6 5. O-O Bg7 6. d3 O-O 7.
Nc3 d4 8. Ne4 Nd5 9. Qe1 f5 10.
Nc5 Qb6 11. Nb3 Nd7 12. Bd2 Ne3 13. Bxe3 dxe3 14. Qc1 e5 15. fxe5 Nxe5 16. Nxe5 Bxe5 17.
c3 f4 18. d4 Bd6 19. c4 Qd8 20. Qc3 Qg5 21. c5 Bc7 22. d5 Be5 23. Qc4 Kg7 24. Nd4 cxd5 25. Qxd5 Bg4 26. Qxb7+ Kh6 27. Nf3 Bxf3 28.
Rxf3 fxg3 29. Raf1 Rab8 30. Qd5 Rxf3 31. Qxf3 Rxb2 32.
c6 Rc2 33. Qe4 Rxe2 34. h4 Qe7 35. Bf3 Rf2 36. Qxe3+ Kg7 37. Re1 Qf6 38. Qxe5 Qxe5 39. Rxe5 Rxf3 40. Rc5 Rf8 41. c7 Rc8 42. Kg2 Kf6 43.
Kxg3 Ke6 44. Kg4 Kd6 45. Rc2 Rxc7 46. Rxc7 Kxc7 47. Kg5 Kb6 48. Kh6 Kb5 49. Kxh7 Kb4 50. Kxg6 1-0

[Event "Early-Titled-Tuesday-Blitz-September-26-2023"]
[Site "Chess.com"]
[Date "2023.09.26"]
[Round "10"]
[White "PawnEatingZombie"]
[Black "cukin84"]
[Result "1/2-1/2"]
[WhiteElo "2144"]
[BlackElo "2194"]
[TimeControl "180+1"]
[EndTime "9:56:50 PDT"]
[Termination "Game drawn - insufficient material"]

1. e4 c6 2. d3 d5 3. Nd2 e5 4. Ngf3 Bd6 5. d4 exd4 6. exd5 Nf6 7. Bd3 O-O 8. O-O Nxd5 9. Nxd4 Bxh2+ 10. Kxh2 Qh4+ 11.
Kg1 Qxd4 12. Nb3 Qh4 13. Re1 Bg4 14. Qd2 Nd7 15. Qg5 Qxg5 16. Bxg5 f6 17. Bd2 Ne5 18. Bf1 Bf5 19. c4 Nb6 20. Na5 Rab8 21. Bc3 Nd3 22. Re7 Nc5 23. b3 Rfe8 24. Rae1 Kf8 25. Rxe8+ Rxe8 26. Bb4 Rxe1 27. Bxe1 Nbd7 28. b4 Nd3 29. Bc3 b5 30. Nxc6 bxc4 31. a4 Be4 32. b5 N7c5 33.
Nxa7 Nxa4 34. Bd4 c3 35. Bxd3 Bxd3 36. b6 Be4 37. Nb5 c2 38. Be3 Nxb6 39. Na3 Nd5 40. f3 Bd3 41. Bd2 Ke7 42. Kf2 Kd6 43. Ke1 Kc5 44.
Bc1 Kd4 45. Kd2 Bg6 46. Nxc2+ Bxc2 47. Kxc2 Ne3+ 48. Kd2 Nxg2 49. Ke2 Nh4 50. Kf2 g5 51. Kg3 Nf5+ 52. Kg4 Ne3+ 53. Kh5 Nf5 54. Bb2+ Ke3 55. Bxf6 Kxf3 56. Bxg5 Ke4 57. Bc1 Ke5 58. Bd2 Ke6 59. Bc1 Kf7 60. Bd2 Ng3+ 61. Kh6 Ne4 62. Kxh7 1/2-1/2

[Event "Early-Titled-Tuesday-Blitz-September-26-2023"]
[Site "Chess.com"]
[Date "2023.09.26"]
[Round "10"]
[White "AleksandrAleksikov"]
[Black "Mariia89"]
[Result "1-0"]
[WhiteElo "2218"]
[BlackElo "2077"]
[TimeControl "180+1"]
[EndTime "9:56:52 PDT"]
[Termination "AleksandrAleksikov won by resignation"]

1. e4 c6 2. d4 d5 3. e5 Bf5 4.
h4 h5 5. Ne2 e6 6. Ng3 Bg6 7. Be2 Be7 8. Bxh5 Bxh5 9. Nxh5 Bxh4 10. Qg4 g6 11. Rxh4 gxh5 12. Rxh5 Rxh5 13. Qxh5 Qe7 14. c3 Nd7 15. Bg5 Qf8 16. Nd2 c5 17.
a3 Ne7 18. Bxe7 Qxe7 19. Ke2 O-O-O 20. Rh1 f6 21. exf6 Qxf6 22. Qf3 Qg6 23. dxc5 Nxc5 24. Qe3 b6 25. g3 Rf8 26. Rh4 Re8 27. c4 Kb7 28. b4 Na4 29. Qd3 Qf7 30. cxd5 exd5+ 31. Kf1 Nb2 32. Qd4 Nd1 33. Rf4 Qe6 34. Kg2 Re7 35.
Nf3 Qe5 36. Qxd1 a5 37. Qd3 Qe4 38. Rxe4 dxe4 39. Qe3 exf3+ 40. Qxf3+ Ka6 41. Qd3+ Ka7 42. bxa5 bxa5 43. Qd4+ Kb7 44. Qd5+ Kc7 45. Qc5+ Kd7 46. Qxa5 Re6 47. Qd5+ Ke7 48. Qxe6+ Kxe6 49. a4 Kd5 50. g4 Kc6 51. g5 Kb6 52. g6 1-0

[Event "Early-Titled-Tuesday-Blitz-September-26-2023"]
[Site "Chess.com"]
[Date "2023.09.26"]
[Round "10"]
[White "Flawless_Fighter"]
[Black "Iskusnyh"]
[Result "0-1"]
[WhiteElo "2814"]
[BlackElo "2616"]
[TimeControl "180+1"]
[EndTime "9:56:53 PDT"]
[Termination "Iskusnyh won on time"]

1. e4 e6 2. d4 d5 3. exd5 exd5 4. Nf3 Nf6 5. Bd3 c5 6. O-O Nc6 7. Re1+ Be7 8. dxc5 O-O 9. c3 Bxc5 10. Be3 Bxe3 11. Rxe3 Bg4 12. Nbd2 d4 13. cxd4 Nxd4 14. h3 Bh5 15. Qa4 Nxf3+ 16. Nxf3 Qb6 17. Qb3 Qxb3 18.
axb3 Rfd8 19. Bc4 Bxf3 20. Rxf3 Rd7 21. Rf5 a6 22. Re1 Kf8 23. Rc5 Rad8 24. g3 h5 25. Kg2 g6 26. Re3 Ne8 27. Rf3 Nd6 28. Bd5 Kg7 29. b4 Nf5 30. Be4 Nd6 31. Bd5 Nb5 32.
Ba2 Re7 33. Bc4 Nc7 34. Bb3 Rd4 35. Rfc3 Rxb4 36. Rxc7 Rxc7 37. Rxc7 Rxb3 38. Rc2 a5 39. h4 a4 40. Kf1 b5 41. Ke2 Kf6 42. Rc6+ Kf5 43. Rc2 Ke4 44. Rd2 b4 45. Kf1 a3 46.
bxa3 bxa3 47. Rd7 f5 48. Ra7 Kf3 49. Kg1 Rb1+ 50. Kh2 Ra1 51. Ra6 Kxf2 52. Rxg6 Ke3 53. Ra6 Kd4 54. Ra5 Kc4 55. Rxf5 Kb4 56. Rf4+ Kc3 57.
Rf3+ Kd2 0-1

[Event "Early-Titled-Tuesday-Blitz-September-26-2023"]
[Site "Chess.com"]
[Date "2023.09.26"]
[Round "10"]
[White "Staudenhocker43"]
[Black "Grossboss19"]
[Result "1-0"]
[WhiteElo "2569"]
[BlackElo "2518"]
[TimeControl "180+1"]
[EndTime "9:56:53 PDT"]
[Termination "Staudenhocker43 won on time"]

1. e4 c5 2. Nf3 Nc6 3. Bb5 d6 4. O-O Bd7 5. Re1 e5 6. c3 a6 7.
Bf1 Nf6 8. d4 Be7 9. d5 Na7 10.
a4 O-O 11. Nbd2 b5 12. axb5 axb5 13. b3 Qb8 14. Bb2 Nc8 15. Bd3 Rxa1 16. Qxa1 Qb7 17. Qd1 Ne8 18. Qe2 Nc7 19. Ra1 Nb6 20. Nf1 Ra8 21.
Qd1 Rxa1 22. Qxa1 Qa6 23. Qxa6 Nxa6 24. Ne3 g6 25. Kf1 c4 26. bxc4 Nc5 27. Bc2 bxc4 28. Ba3 f6 29. Bxc5 dxc5 30. Nd2 Bb5 31. Ke2 Kf7 32.
Kd1 Bd8 33. Bb1 Na4 34. Kc2 Ba5 35. Ndxc4 Bc7 36. Ba2 Ke7 37. Bb3 Nb6 38. Nxb6 Bxb6 39. Bc4 Ba4+ 40. Kd2 h5 41. d6+ Kxd6 42. Bf7 g5 43. Bxh5 Bc6 44. Bg6 Bd8 45. g3 Bc7 46. h4 gxh4 47. gxh4 Ke7 48. h5 Kf8 49. h6 Bd7 50. Kd3 Be6 51. Nd5 Bxd5 52. exd5 Kg8 53.
Ke4 Bd6 54. Kf5 c4 55. Kxf6 e4 56.
Bxe4 Ba3 57. Ke5 1-0

[Event "Early-Titled-Tuesday-Blitz-September-26-2023"]
[Site "Chess.com"]
[Date "2023.09.26"]
[Round "10"]
[White "LileKoridze"]
[Black "cristiano78"]
[Result "1-0"]
[WhiteElo "2352"]
[BlackElo "2243"]
[TimeControl "180+1"]
[EndTime "9:56:53 PDT"]
[Termination "LileKoridze won by resignation"]

1. d4 Nf6 2. c4 g6 3. Nc3 Bg7 4. e4 d6 5. Nf3 O-O 6. Be2 e5 7. Be3 Ng4 8. Bg5 f6 9. Bc1 Nc6 10. O-O Bd7 11. h3 Nh6 12. Be3 Kh8 13. Qd2 Ng8 14.
Rfd1 f5 15. dxe5 Nxe5 16. Nxe5 Bxe5 17. f4 Bg7 18. e5 Bc6 19. exd6 cxd6 20. Qxd6 Qh4 21.
Bf2 Qh6 22. Nd5 Rad8 23. Qb4 Nf6 24. Bf3 Ne4 25. Bxa7 Bxd5 26. cxd5 Qxf4 27. Bd4 Be5 28.
Bxe5+ Qxe5 29. Qd4 Rfe8 30. Rac1 Kg7 31. Rc7+ Kh6 32. Qxe5 Rxe5 33. Rxb7 Rdxd5 34. Rxd5 Rxd5 35. Bxe4 fxe4 36. Re7 Rd2 37. b4 Rxa2 38. Rxe4 Rb2 39. Kh2 Kg5 40. Kg3 Kf5 41. Rc4 h5 42. Kf3 g5 43. g4+ hxg4+ 44. hxg4+ Ke5 45. Ke3 Rb3+ 46. Kd2 Kd6 47. Kc2 Rg3 48. b5 Rf3 49. b6 Rf8 50. b7 Rb8 51. Rb4 Kc6 52. Kd3 Rxb7 53. Rxb7 Kxb7 54. Ke4 Kc6 55. Kf5 Kd6 56. Kxg5 Ke7 57. Kh6 Kf8 58. Kg6 Kg8 59. g5 Kh8 60. Kf7 Kh7 61. g6+ Kh6 62. g7 Kh5 63. g8=Q 1-0

[Event "Early-Titled-Tuesday-Blitz-September-26-2023"]
[Site "Chess.com"]
[Date "2023.09.26"]
[Round "10"]
[White "luizzy"]
[Black "PavelChernomordik"]
[Result "1-0"]
[WhiteElo "2632"]
[BlackElo "2499"]
[TimeControl "180+1"]
[EndTime "9:56:55 PDT"]
[Termination "luizzy won on time"]

1. b3 g6 2. Bb2 Nf6 3. Bxf6 exf6 4. c4 d5 5. cxd5 Qxd5 6. Nc3 Qa5 7. a3 c5 8. e3 Bg7 9. Nf3 f5 10. Qc2 O-O 11. Be2 Nc6 12. O-O Rd8 13. b4 cxb4 14. axb4 Qxb4 15. Rfb1 Qe7 16. d4 f4 17. Qd2 fxe3 18.
fxe3 Bh6 19. Nd1 Bf5 20. Rb3 Be4 21. Qb2 b6 22. Rc3 Nb4 23. Ne5 Nd5 24. Rca3 Qg5 25. Bf3 Bxf3 26. Nxf3 Qe7 27. Ne5 Rdc8 28. Qa2 Nb4 29.
Rxa7 Rxa7 30. Qxa7 Qxa7 31. Rxa7 Rc1 32. Kf2 Rxd1 33.
Nxf7 Bf8 34. Ng5 Rd2+ 35. Kf3 Nd3 36. Ra8 Rf2+ 37. Ke4 Rf6 38. Kxd3 h6 39. Ne4 Rf1 40. d5 Kf7 41. Ra7+ Ke8 42. Kd4 Rf5 43. g4 Rf1 44.
Ke5 Bg7+ 45. Ke6 Kd8 46. Rxg7 Re1 47. d6 1-0

[Event "Early-Titled-Tuesday-Blitz-September-26-2023"]
[Site "Chess.com"]
[Date "2023.09.26"]
[Round "10"]
[White "azikom"]
[Black "MaxLeto"]
[Result "1/2-1/2"]
[WhiteElo "2635"]
[BlackElo "2522"]
[TimeControl "180+1"]
[EndTime "9:56:59 PDT"]
[Termination "Game drawn by repetition"]

1. d4 d5 2. Bf4 c5 3. e3 Nc6 4. c3 Nf6 5. Nd2 Qb6 6. Qb3 c4 7.
Qc2 g6 8. Ngf3 Bf5 9. Qc1 Bg7 10. Be2 O-O 11. O-O Rac8 12. Ne5 Nxe5 13. Bxe5 Qc6 14. Re1 b5 15. a3 a5 16. Bf3 Bd3 17. Bxf6 Bxf6 18. e4 e6 19. g3 Bg5 20. Qd1 b4 21. axb4 axb4 22. h4 Bh6 23. exd5 exd5 24. Ra5 Rfd8 25.
Re5 bxc3 26. bxc3 Qb6 27. Raxd5 Qb2 28. Ne4 Bxe4 29. Bxe4 Qxc3 30. Kg2 Bg7 31. Re7 f5 32. Bf3 Kh8 33. h5 Rxd5 34. Bxd5 Qxd4 35. Qxd4 Bxd4 36. Be6 Bf6 37. Rf7 c3 38. Bb3 c2 39.
Bxc2 Rxc2 40. Rxf6 Kg7 41. Ra6 Rc7 42. Kh3 Rc4 43.
f4 Rc1 44. hxg6 hxg6 45. Ra8 Rd1 46. Ra7+ Kh6 47. Ra8 Kg7 48. Kg2 Rd2+ 49. Kf3 Rd3+ 50. Kf2 Rd2+ 51. Ke3 Rg2 52. Kf3 Rb2 53. Ra7+ Kf6 54. Ra6+ Kg7 55. Ra7+ Kf6 56. Ra6+ Kg7 57. Ra7+ 1/2-1/2

[Event "Early-Titled-Tuesday-Blitz-September-26-2023"]
[Site "Chess.com"]
[Date "2023.09.26"]
[Round "10"]
[White "mapleaff"]
[Black "Juicy_Fork"]
[Result "0-1"]
[WhiteElo "2353"]
[BlackElo "2479"]
[TimeControl "180+1"]
[EndTime "9:56:59 PDT"]
[Termination "Juicy_Fork won by checkmate"]

1. e4 e5 2. Nf3 Nc6 3. Bb5 a6 4.
Ba4 d6 5. O-O Bd7 6. c3 g6 7. d4 Bg7 8. d5 Nce7 9. Bxd7+ Qxd7 10.
c4 h6 11. Nc3 f5 12. Ne1 Nf6 13. f3 O-O 14. Qe2 f4 15. Nd3 g5 16. b4 a5 17. b5 b6 18. a4 h5 19. Bd2 g4 20. Kf2 Ng6 21. Ke1 Nh7 22. Nf2 g3 23.
hxg3 fxg3 24. Nh3 Nf4 25. Nxf4 exf4 26. Kd1 Be5 27. Rh1 Nf6 28. Kc2 Kf7 29. Rh4 Ke7 30.
Bxf4 Rae8 31. Bxe5 dxe5 32. Rf1 Kd8 33. f4 Ng4 34. f5 Nf6 35. Rh3 Rg8 36. Rf3 Qd6 37.
Rfxg3 Qc5 38. Qd3 h4 39. Rxg8 Rxg8 40. Rh2 Qg1 41. Rxh4 Rxg2+ 42. Ne2 Qe1 43. Rh8+ Kd7 44. d6 Rxe2+ 45. Qxe2 Qxe2+ 46. Kc3 Nxe4+ 47. Kb3 Qd3+ 48. Kb2 Qc3+ 49. Kb1 Kxd6 50. Ka2 Qxc4+ 51. Kb2 Qc3+ 52.
Kb1 Nd2+ 53. Ka2 Qb3+ 54. Ka1 Qa3# 0-1

[Event "Early-Titled-Tuesday-Blitz-September-26-2023"]
[Site "Chess.com"]
[Date "2023.09.26"]
[Round "10"]
[White "KerryStead"]
[Black "Flopezin"]
[Result "0-1"]
[WhiteElo "2088"]
[BlackElo "2297"]
[TimeControl "180+1"]
[EndTime "9:57:00 PDT"]
[Termination "Flopezin won on time"]

1. d4 d5 2. e4 dxe4 3. Nc3 Nf6 4. f3 exf3 5. Nxf3 Bg4 6. h3 Bh5 7. g4 Bg6 8. Ne5 e6 9. Qf3 Qxd4 10. Nxg6 hxg6 11.
Qxb7 Bd6 12. Qxa8 Bg3+ 13. Ke2 Qf2+ 14. Kd3 O-O 15. Kc4 Rd8 16. Bd3 Qd4+ 17. Kb3 Na6 18. Qxd8+ Qxd8 19. Bxa6 c5 20. a3 Qb6+ 21. Ka2 Qxa6 22.
b3 Be5 23. Bb2 c4 24. b4 Bxc3 25. Bxc3 Nd5 26. Kb2 Qb6 27. Rad1 Qe3 28. Bd4 c3+ 29. Kb3 Qe4 30. Rhe1 Qf3 31. Rd3 Qg2 32. Red1 f5 33. gxf5 gxf5 34. Bxc3 Nxc3 35. Rxc3 e5 36. Rd7 e4 37.
Rc8+ Kh7 38. Rxa7 e3 39. Re7 Qd5+ 40. c4 Qd3+ 41. Ka4 e2 42. Rce8 f4 43. Rxe2 f3 44. Rf2 Qd1+ 45. Ka5 Qd3 46. Rf8 Qxa3+ 47. Kb5 Qe3 48.
R8xf3 Qe5+ 49. Ka4 Qe8+ 50. Kb3 Qe6 51. b5 Qd6 0-1

[Event "Early-Titled-Tuesday-Blitz-September-26-2023"]
[Site "Chess.com"]
[Date "2023.09.26"]
[Round "10"]
[White "Keeper0416"]
[Black "ChessQueen"]
[Result "0-1"]
[WhiteElo "2578"]
[BlackElo "2734"]
[TimeControl "180+1"]
[EndTime "9:57:07 PDT"]
[Termination "ChessQueen won on time"]

1. d4 f5 2. Bg5 h6 3. Bh4 g5 4. e4 Nf6 5. e5 gxh4 6. exf6 h5 7.
Be2 d5 8. Bxh5+ Kd7 9. Nc3 e6 10. Nf3 Nc6 11. Ne5+ Nxe5 12. dxe5 c6 13. O-O b6 14.
Be2 Qc7 15. f4 Bb7 16. Kh1 Rd8 17. a4 a5 18. Bf3 Kc8 19. Ne2 Bh6 20. Nd4 Qf7 21. Bh5 Qd7 22. c3 Rdg8 23. h3 Kb8 24. b4 c5 25. bxc5 bxc5 26. Nb5 Rg3 27. Nd6 Bc6 28.
Rb1+ Ka8 29. Qd2 d4 30. Bf3 Bxf3 31. Rxf3 Rxf3 32. gxf3 Qc6 33. cxd4 Qxf3+ 34. Qg2 Qxg2+ 35. Kxg2 cxd4 36. Kf3 Rg8 37. f7 Rg3+ 38. Kf2 d3 39. Rd1 Rxh3 40. Nc4 Rg3 41. Nb6+ Kb7 42. Nd7 Kc6 43.
f8=Q Bxf8 44. Nxf8 Kd5 45. Rh1 Rg4 46. Ke3 Rg3+ 47.
Kd2 h3 48. Nh7 Kd4 49. Kd1 Rg2 50. Rxh3 Kc3 51. Rxd3+ Kxd3 52. Ke1 Ra2 53. Ng5 Rxa4 54. Nxe6 Ke3 55. Kd1 Rc4 56. Ng7 Kxf4 57. e6 Re4 0-1

[Event "Early-Titled-Tuesday-Blitz-September-26-2023"]
[Site "Chess.com"]
[Date "2023.09.26"]
[Round "10"]
[White "rikchessmx"]
[Black "Dewarfd"]
[Result "0-1"]
[WhiteElo "2350"]
[BlackElo "2170"]
[TimeControl "180+1"]
[EndTime "9:57:07 PDT"]
[Termination "Dewarfd won by resignation"]

1. e4 e5 2. Nf3 Nc6 3. Bb5 Nf6 4. O-O Nxe4 5. d4 Nd6 6. dxe5 Nxb5 7. a4 Nbd4 8. Nxd4 Nxd4 9. Qxd4 d5 10. exd6 Qxd6 11.
Re1+ Be6 12. Qe3 Be7 13. Nc3 O-O 14. Nb5 Qd7 15. Qg3 Bd6 16. Nxd6 Qxd6 17. Bf4 Qb4 18. Bxc7 Rfc8 19. Be5 Qf8 20. c3 Rc6 21. b4 a6 22.
a5 Rac8 23. Rad1 f6 24. Bd6 Qf7 25. Bc5 Re8 26. h3 Bb3 27. Rb1 Rce6 28. Rxe6 Qxe6 29. Kh2 Bd5 30. Rd1 Bc6 31. Rd6 Qe5 32. Qxe5 Rxe5 33. Rd4 Re4 34. Rd8+ Kf7 35. f3 Re2 36. Kg3 h5 37. Rf8+ Kg6 38. h4 Rc2 39. Bd4 Bb5 40. Rb8 Bc6 41. Kh3 Kf5 42. Rg8 Kg6 43. Rh8 Bd5 44.
Kg3 Bc4 45. Rg8 Bxg8 46. Kf4 Bc4 47. g4 hxg4 48. fxg4 Rh2 49. h5+ Kf7 50. Ke4 Rg2 51.
Kf3 Bd5+ 52. Kf4 Bc6 53. Bc5 Bb5 54. Bd4 g6 55. h6 g5+ 56. Kf3 Rh2 57. Kg3 Rxh6 58.
Be3 Rh8 59. Bxg5 fxg5 0-1

[Event "Early-Titled-Tuesday-Blitz-September-26-2023"]
[Site "Chess.com"]
[Date "2023.09.26"]
[Round "10"]
[White "karinachess1"]
[Black "esrosenberg"]
[Result "1-0"]
[WhiteElo "2607"]
[BlackElo "2381"]
[TimeControl "180+1"]
[EndTime "9:57:08 PDT"]
[Termination "karinachess1 won by resignation"]

1. d4 d5 2. c4 e6 3. Nc3 c5 4. cxd5 cxd4 5. Qxd4 Nc6 6. Qd1 exd5 7. e3 Nf6 8. Nf3 Bb4 9. Be2 O-O 10. O-O Bf5 11.
Nb5 h6 12. Nbd4 Bh7 13. a3 Bd6 14. b4 Rc8 15. Bb2 Ne5 16. Nxe5 Bxe5 17. Ne6 Bxh2+ 18. Kxh2 fxe6 19. Qd4 Rf7 20. Rac1 Qd6+ 21. Kg1 Ra8 22. Bf3 b6 23. Rfd1 Raf8 24. Qe5 Qxe5 25. Bxe5 Nd7 26.
Bd6 Re8 27. Rc7 Nf6 28. Rdc1 a5 29. Rxf7 Kxf7 30. Rc7+ Kg8 31. Rb7 axb4 32. axb4 Be4 33.
Rxb6 Bxf3 34. gxf3 Kf7 35. Rb7+ Kg6 36. b5 d4 37.
exd4 Nd5 38. Be5 Kf5 39. Rxg7 Nc3 40. b6 Ne2+ 41. Kg2 Nf4+ 42. Kf1 Nd3 43. Rf7+ Kg6 44.
Rf6+ Kg5 45. f4+ Kg4 46. b7 Nxe5 47. fxe5 Rb8 48. Rxe6 Rxb7 49. Rxh6 Kf3 50. Rf6+ Ke4 51. Rd6 Kf3 52. Rf6+ Ke4 53. Kg2 Kxd4 54. f4 Ke4 55. Kg3 Rb3+ 56. Kg4 Rb1 57. e6 Rg1+ 58. Kh5 Kd5 59.
f5 Ke5 60. Rf7 Kd6 61. e7 Kd7 62. f6 Re1 63. Rf8 Rh1+ 64. Kg4 Rg1+ 65. Kh3 Re1 66.
Rd8+ Kc7 67. e8=Q 1-0

[Event "Early-Titled-Tuesday-Blitz-September-26-2023"]
[Site "Chess.com"]
[Date "2023.09.26"]
[Round "10"]
[White "zajka-molotok"]
[Black "wqws"]
[Result "1-0"]
[WhiteElo "2546"]
[BlackElo "2645"]
[TimeControl "180+1"]
[EndTime "9:57:09 PDT"]
[Termination "zajka-molotok won by resignation"]

1. e4 c5 2. Nf3 d6 3. Bb5+ Nd7 4. a4 a6 5. Be2 g6 6. O-O Bg7 7. Nc3 Ngf6 8. a5 O-O 9. d3 e5 10. Nd2 Nb8 11. Nc4 Nc6 12. Bd2 Be6 13. Nb6 Rb8 14. Ncd5 Nd4 15. Bg5 h6 16. Nxf6+ Bxf6 17. Bxh6 Re8 18.
Be3 Kg7 19. c3 Nb3 20. Ra3 Nxa5 21. Nd5 Nc6 22. Nxf6 Qxf6 23. f4 exf4 24. Bxf4 Qe7 25. Qd2 f6 26. Qe3 g5 27. Qg3 Kh8 28. Bxd6 Qg7 29.
Bxb8 Rxb8 30. h4 Rd8 31. hxg5 fxg5 32. Raa1 Kg8 33. Rad1 b5 34. Bg4 Bb3 35. Rd2 b4 36. Bh5 Be6 37. Rdf2 bxc3 38. bxc3 Qxc3 39. Qxg5+ Qg7 40.
Qxc5 Nd4 41. Qb6 Qg5 42. Bd1 Re8 43. Qd6 Rd8 44. Rf8+ Rxf8 45. Qxf8+ Kh7 46. Qf4 Qc5 47. Qh4+ Kg8 48. Qg3+ Kh7 49. Qf2 a5 50. Kh2 Qe5+ 51. Qf4 Qxf4+ 52. Rxf4 Kg7 53. e5 Nf5 54. Ra4 Ne3 55. Bf3 Kg6 56. Rxa5 Kf5 57. d4 Nf1+ 58.
Kg1 Nd2 59. Ra6 Bc4 60. Rf6+ Kg5 61. Kf2 Bd3 62. Ke3 Nxf3 63. gxf3 Bf5 64. f4+ Kg4 65. Rxf5 Kxf5 66. d5 1-0

[Event "Early-Titled-Tuesday-Blitz-September-26-2023"]
[Site "Chess.com"]
[Date "2023.09.26"]
[Round "10"]
[White "Eagle_2019"]
[Black "MMAHDI2013"]
[Result "1-0"]
[WhiteElo "2668"]
[BlackElo "2339"]
[TimeControl "180+1"]
[EndTime "9:57:11 PDT"]
[Termination "Eagle_2019 won by resignation"]

1. c4 e6 2. Nc3 d5 3. e3 Nf6 4.
Nf3 Be7 5. b3 O-O 6. Bb2 b6 7. Be2 c5 8. cxd5 exd5 9. d4 Nc6 10. O-O Bg4 11. h3 Bh5 12. Ne5 Nxe5 13. dxe5 Bxe2 14. Qxe2 Ne4 15. Nxe4 dxe4 16. Qc4 Qd3 17.
Rad1 Qxc4 18. bxc4 Rfd8 19. Rd5 Kf8 20. a4 Ke8 21. f3 exf3 22. gxf3 Bf8 23. Kg2 Ke7 24. f4 Rd7 25. e4 Rad8 26. f5 f6 27. e6 Rxd5 28. exd5 Ke8 29. Bc3 Bd6 30. Ra1 Rb8 31.
Kf3 Ke7 32. Ke4 g6 33. Rg1 g5 34. Rb1 h5 35. Rg1 Rb7 36. Be1 a6 37. Rg2 Rb8 38. Rb2 Ke8 39. Kf3 Ke7 40. Bg3 Bxg3 41. Kxg3 Kd6 42.
Kf3 Rb7 43. Ke4 Rb8 44. Rb1 Ke7 45. Kd3 Kd6 46. Rb3 Rb7 47. Ke4 Rb8 48. Rb2 Ke7 49.
a5 b5 50. cxb5 axb5 51. a6 b4 52. Kd3 Kd6 53. Kc4 Ra8 54. Re2 g4 55. hxg4 hxg4 56.
e7 Kd7 57. e8=Q+ Rxe8 58. Rxe8 Kxe8 59. a7 g3 60. a8=Q+ 1-0

[Event "Early-Titled-Tuesday-Blitz-September-26-2023"]
[Site "Chess.com"]
[Date "2023.09.26"]
[Round "10"]
[White "profedechess93"]
[Black "GaalZsoka"]
[Result "0-1"]
[WhiteElo "2632"]
[BlackElo "2491"]
[TimeControl "180+1"]
[EndTime "9:57:13 PDT"]
[Termination "GaalZsoka won on time"]

1. e4 c6 2. d4 g6 3. Nc3 d5 4.
Be3 Bg7 5. Qd2 dxe4 6. Nxe4 Nd7 7. Bc4 Ngf6 8. Ng5 Nd5 9. O-O-O O-O 10. h4 Nxe3 11. Qxe3 Nf6 12. h5 gxh5 13. N1f3 Bf5 14.
Ne5 Bg6 15. g4 Nxg4 16. Qg3 Nxe5 17. dxe5 Qa5 18. f4 e6 19. Kb1 Rad8 20. Rdg1 Rd2 21. Bb3 Qc5 22. f5 exf5 23. Nf3 f4 24. Qg5 Rf2 25.
Nh4 Bxc2+ 26. Ka1 Bg6 27. Nxg6 hxg6 28. Qxg6 Qxe5 29. Qb1 f3 30. Bc2 Rg2 31. Rf1 f2 32. Be4 Rd8 33. Bxg2 Rd2 34. Rxf2 Rxf2 35. Re1 Qf6 36.
Re8+ Bf8 37. Bh1 Kg7 38. Qg1+ Kh6 39. Qb1 Rf1 40. Re1 Rxe1 41. Qxe1 Bg7 42. Qd2+ Kh7 43. Be4+ Kg8 44. a3 Qf1+ 45. Bb1 Qf6 46. Qc2 Qd4 47. Qh7+ Kf8 48. Qc2 Qd6 49. Qe2 Qxa3+ 50. Ba2 Qe7 51.
Qf2 Qf6 52. Qc5+ Kg8 53. Qc2 h4 54. Bb1 h3 55. Ka2 h2 56. Qxh2 Qe6+ 57. b3 Qe5 58. Qh7+ Kf8 0-1

[Event "Early-Titled-Tuesday-Blitz-September-26-2023"]
[Site "Chess.com"]
[Date "2023.09.26"]
[Round "10"]
[White "remi04"]
[Black "wannabe2700"]
[Result "1-0"]
[WhiteElo "2847"]
[BlackElo "2674"]
[TimeControl "180+1"]
[EndTime "9:57:15 PDT"]
[Termination "remi04 won by resignation"]

1. c4 f5 2. d4 Nf6 3. Nc3 g6 4. g3 Bg7 5. Bg2 O-O 6. Nf3 d6 7. O-O c6 8. Re1 Ne4 9. Qc2 Na6 10. a3 Nxc3 11. bxc3 Qe8 12. e4 e5 13. dxe5 dxe5 14.
a4 fxe4 15. Ng5 e3 16. Bxe3 Bf5 17. Qb2 Qe7 18. Ne4 Bxe4 19. Bxe4 Nc5 20. Qa3 b6 21. Bxc6 Rac8 22. Bd5+ Kh8 23. a5 Qf6 24. Rab1 e4 25.
axb6 axb6 26. Bd4 Qf3 27. Be3 Nd3 28. Rf1 Ne5 29. Qe7 Qg4 30. Kg2 Qf3+ 31. Kg1 Rce8 32.
Qh4 Ng4 33. Bd4 Bxd4 34. cxd4 Rf5 35. h3 Nf6 36. Bc6 Rd8 37. Rxb6 g5 38. Qh6 Qe2 39. Rb7 Rg8 40. Rf7 Rg6 41. Qf8+ Rg8 42. Qh6 Rg6 43. Rxh7+ Nxh7 44. Qxg6 Rf6 45. Qe8+ Kg7 46. Bxe4 Nf8 47. Qe7+ Rf7 48. Qxg5+ Kh8 49. Qh6+ Nh7 50. Bd5 Rf6 51. Qe3 Qc2 52. Rc1 Qf5 53. Re1 Qxh3 54. Qe8+ Kg7 55. Re7+ Kh6 56. Qh8 Kg6 57. Qg7+ Kf5 58. Qxh7+ Qxh7 59. Rxh7 Ra6 60. Rh5+ Kg4 61. Rh4+ Kg5 62. Rf4 Ra2 63.
Kg2 Rd2 64. c5 Rc2 65. c6 Rc3 66. Rf7 Rd3 67. c7 Rc3 68. Be6 Rc2 69. c8=Q Rxc8 70. Bxc8 Kg6 71. Rf4 Kg5 72. d5 1-0